[ AOE2 MATCH · #495285971 ]
UnrankedMongols vs Tupi
Player's team · LOSS
[ REPLAY ANALYSIS · EXTRACTED FROM THE RECORDED GAME ]
Feudal
14:10
Castle
—
Imperial
—
| APM avg | 51.5 |
| APM peak | 69 |
| eAPM avg | 18.3 |
| Villagers / military | 52 / 20 |
Focus
⚔️ 35.5% · 🌾 64.5%
Archer ×9 · Skirmisher ×9 · Militia ×2
Feudal
16:24
Castle
26:34
Imperial
—
| APM avg | 47.2 |
| APM peak | 79 |
| eAPM avg | 22.5 |
| Villagers / military | 48 / 1 |
Focus
⚔️ 29.1% · 🌾 70.9%
Unknown (2550) ×11 · Mangonel ×1
Match map
Initial resources + every placement click. Lines = walls · curves = elevation contours. ◆ gold · ⬟ stone · ● berries · ✦ relic · ◌ wall gap
Your base· Open — unwalled flank
TRUM's base· Open — unwalled flank
Smoothed initial terrain · ◌ = detected wall gap · hover for details
Inputs per minute
— DS_Le Cuack |Youtube Twitch| - - TRUM
Build order — DS_Le Cuack |Youtube Twitch|
115 actions detected in the replay
| 0:00 | Create | Villager (Male) ×4 |
| 0:04 | Build | House |
| 0:06 | Build | House |
| 1:32 | Create | Villager (Male) |
| 1:53 | Create | Villager (Male) |
| 1:55 | Build | Lumber Camp |
| 2:41 | Create | Villager (Male) |
| 3:10 | Create | Villager (Male) |
| 3:10 | Create | Villager (Male) |
| 3:17 | Build | House |
| 3:43 | Create | Villager (Male) |
| 3:57 | Create | Villager (Male) |
| 4:05 | Create | Villager (Male) |
| 4:19 | Create | Villager (Male) |
| 4:44 | Build | Mill |
| 4:46 | Create | Villager (Male) |
| 5:28 | Create | Villager (Male) |
| 6:34 | Research | Loom |
| 6:59 | Create | Villager (Male) |
| 7:20 | Build | Palisade Wall |
| 7:21 | Build | Palisade Wall |
| 7:30 | Research | Feudal Age |
| 8:38 | Build | Barracks |
| 9:00 | Create | Villager (Male) |
| 9:13 | Build | House |
| 9:29 | Build | House |
| 10:38 | Create | Militia |
| 10:38 | Create | Militia |
| 10:51 | Build | Town Center |
| 11:49 | Build | Palisade Wall |
| 11:55 | Create | Villager (Male) |
| 11:56 | Create | Villager (Male) |
| 12:00 | Research | Feudal Age |
| 12:20 | Create | Villager (Male) |
| 13:20 | Create | Villager (Male) |
| 13:32 | Create | Villager (Male) |
| 13:53 | Create | Villager (Male) |
| 14:10 | Age | Feudal Age |
| 14:11 | Create | Villager (Male) |
| 14:14 | Build | Archery Range |
| 14:43 | Build | Palisade Wall |
| 14:54 | Create | Villager (Male) |
| 15:04 | Create | Villager (Male) |
| 15:06 | Create | Skirmisher |
| 15:06 | Create | Skirmisher |
| 15:12 | Build | Palisade Wall |
| 15:22 | Create | Villager (Male) |
| 15:32 | Create | Villager (Male) |
| 15:33 | Create | Skirmisher |
| 15:44 | Create | Villager (Male) |
| 15:45 | Create | Villager (Male) |
| 16:13 | Create | Villager (Male) |
| 16:47 | Create | Villager (Male) |
| 17:23 | Create | Skirmisher |
| 17:32 | Create | Skirmisher |
| 17:33 | Create | Villager (Male) |
| 17:47 | Create | Villager (Male) |
| 18:04 | Create | Skirmisher |
| 18:22 | Create | Villager (Male) |
| 18:32 | Create | Villager (Male) |
| 18:51 | Build | Mining Camp |
| 18:59 | Create | Villager (Male) |
| 19:01 | Create | Skirmisher |
| 19:17 | Create | Skirmisher |
| 19:20 | Build | Blacksmith |
| 19:46 | Create | Villager (Male) |
| 19:52 | Build | Farm |
| 20:04 | Create | Skirmisher |
| 20:05 | Create | Villager (Male) |
| 20:08 | Research | Double-Bit Axe |
| 20:28 | Build | House |
| 20:48 | Build | House |
| 20:55 | Create | Villager (Male) |
| 21:12 | Create | Archer |
| 21:13 | Create | Archer |
| 21:22 | Create | Villager (Male) |
| 21:44 | Create | Villager (Male) |
| 22:02 | Create | Archer |
| 22:26 | Build | Mining Camp |
| 22:28 | Create | Villager (Male) |
| 23:11 | Build | House |
| 23:12 | Build | House |
| 23:21 | Create | Villager (Male) |
| 23:24 | Create | Archer |
| 23:30 | Build | Farm |
| 23:32 | Build | Farm |
| 23:34 | Build | Farm |
| 23:37 | Build | Market |
| 24:01 | Create | Archer |
| 24:19 | Build | Farm |
| 24:22 | Build | Farm |
| 24:24 | Build | Farm |
| 24:26 | Build | Farm |
| 24:28 | Create | Archer |
| 24:31 | Create | Villager (Male) |
| 25:08 | Create | Villager (Male) |
| 25:31 | Create | Villager (Male) |
| 25:33 | Create | Archer |
| 25:35 | Build | House |
| 26:13 | Create | Villager (Male) |
| 26:34 | Build | Watch Tower |
| 26:35 | Research | Fletching |
| 26:49 | Build | Mining Camp |
| 27:02 | Create | Archer |
| 27:04 | Create | Villager (Male) |
| 27:14 | Create | Archer |
| 27:17 | Build | Palisade Wall |
| 27:17 | Build | Palisade Wall |
| 27:18 | Build | Palisade Wall |
| 27:19 | Build | Palisade Wall |
| 27:28 | Create | Villager (Male) |
| 27:31 | Build | Farm |
| 27:33 | Create | Villager (Male) |
| 28:23 | Create | Villager (Male) |
| 28:30 | Build | Watch Tower |
Build order — TRUM
113 actions detected in the replay
| 0:01 | Create | Villager (Male) |
| 0:02 | Build | House |
| 0:03 | Build | House |
| 0:14 | Create | Villager (Male) |
| 0:14 | Create | Villager (Male) |
| 0:14 | Create | Villager (Male) |
| 1:02 | Create | Villager (Male) |
| 1:02 | Create | Villager (Male) |
| 1:30 | Create | Villager (Male) |
| 1:31 | Create | Villager (Male) |
| 1:31 | Create | Villager (Male) |
| 1:38 | Build | Palisade Wall |
| 1:58 | Create | Villager (Male) |
| 2:21 | Build | Settlement |
| 2:31 | Create | Villager (Male) |
| 2:31 | Create | Villager (Male) |
| 3:24 | Create | Villager (Male) |
| 3:24 | Create | Villager (Male) |
| 3:24 | Create | Villager (Male) |
| 3:25 | Create | Villager (Male) |
| 4:09 | Create | Villager (Male) |
| 4:17 | Research | Loom |
| 5:13 | Create | Villager (Male) |
| 5:13 | Create | Villager (Male) |
| 5:13 | Create | Villager (Male) |
| 5:13 | Create | Villager (Male) |
| 5:13 | Create | Villager (Male) |
| 5:14 | Create | Villager (Male) |
| 5:35 | Create | Villager (Male) |
| 6:56 | Build | Town Center |
| 7:42 | Create | Villager (Male) |
| 7:42 | Create | Villager (Male) |
| 7:43 | Create | Villager (Male) |
| 7:43 | Create | Villager (Male) |
| 7:58 | Build | House |
| 8:06 | Create | Villager (Male) |
| 9:01 | Create | Villager (Male) |
| 9:01 | Create | Villager (Male) |
| 9:09 | Build | House |
| 9:52 | Create | Villager (Male) |
| 9:52 | Create | Villager (Male) |
| 9:52 | Create | Villager (Male) |
| 9:53 | Create | Villager (Male) |
| 10:43 | Create | Villager (Male) |
| 10:44 | Create | Villager (Male) |
| 10:44 | Create | Villager (Male) |
| 10:44 | Create | Villager (Male) |
| 10:46 | Build | Farm |
| 11:29 | Create | Villager (Male) |
| 12:04 | Build | Settlement |
| 12:18 | Build | House |
| 13:22 | Build | Farm |
| 13:39 | Build | Farm |
| 14:11 | Build | Farm |
| 14:14 | Research | Feudal Age |
| 14:24 | Build | Barracks |
| 16:18 | Build | Farm |
| 16:24 | Age | Feudal Age |
| 16:33 | Build | Farm |
| 16:34 | Build | Farm |
| 16:51 | Research | Town Watch |
| 17:01 | Research | Tech 1402 |
| 17:04 | Build | Farm |
| 17:13 | Build | Settlement |
| 17:19 | Research | Double-Bit Axe |
| 17:43 | Create | Villager (Male) |
| 18:01 | Build | Farm |
| 18:07 | Create | Villager (Male) |
| 18:30 | Create | Unit 2550 |
| 18:33 | Create | Villager (Male) |
| 18:38 | Build | Blacksmith |
| 18:49 | Build | Farm |
| 19:30 | Create | Villager (Male) |
| 19:49 | Build | Watch Tower |
| 19:56 | Create | Villager (Male) |
| 19:59 | Build | Market |
| 20:15 | Create | Unit 2550 |
| 20:26 | Research | Scale Mail Armor |
| 20:27 | Research | Scale Mail Armor |
| 20:32 | Build | Farm |
| 20:50 | Create | Unit 2550 |
| 21:36 | Create | Unit 2550 |
| 21:42 | Build | Settlement |
| 22:14 | Create | Villager (Male) |
| 22:27 | Research | Wheelbarrow |
| 23:33 | Build | Farm |
| 23:36 | Build | Farm |
| 23:45 | Build | Farm |
| 23:54 | Research | Castle Age |
| 23:55 | Research | Castle Age |
| 24:54 | Create | Unit 2550 |
| 24:54 | Create | Unit 2550 |
| 25:41 | Research | Forging |
| 26:00 | Research | Fletching |
| 26:00 | Research | Fletching |
| 26:20 | Create | Unit 2550 |
| 26:34 | Age | Castle Age |
| 26:40 | Build | Siege Workshop |
| 26:50 | Research | Tech 1351 |
| 26:51 | Research | Squires |
| 26:51 | Research | Squires |
| 27:07 | Create | Mangonel |
| 27:15 | Build | Barracks |
| 27:26 | Build | Farm |
| 27:43 | Build | Settlement |
| 27:56 | Create | Unit 2550 |
| 27:56 | Create | Unit 2550 |
| 28:11 | Build | Farm |
| 28:23 | Create | Unit 2550 |
| 28:23 | Create | Unit 2550 |
| 28:31 | Create | Villager (Male) |
| 28:32 | Create | Villager (Male) |
| 28:33 | Build | Farm |
Match timeline
| 1:38 | TRUM · wall_segment Palisade Wall x1 |
| 7:20 | DS_Le Cuack |Youtube Twitch| · wall_segment Palisade Wall x1 |
| 7:21 | DS_Le Cuack |Youtube Twitch| · wall_segment Palisade Wall x1 |
| 8:38 | DS_Le Cuack |Youtube Twitch| · first_building Barracks |
| 11:49 | DS_Le Cuack |Youtube Twitch| · wall_segment Palisade Wall x1 |
| 14:10 | DS_Le Cuack |Youtube Twitch| · age_up feudal |
| 14:14 | DS_Le Cuack |Youtube Twitch| · first_building Archery Range |
| 14:24 | TRUM · first_building Barracks |
| 14:43 | DS_Le Cuack |Youtube Twitch| · wall_segment Palisade Wall x1 |
| 15:12 | DS_Le Cuack |Youtube Twitch| · wall_segment Palisade Wall x1 |
| 16:24 | TRUM · age_up feudal |
| 22:07 | TRUM · first_market_buy 100 food |
| 23:05 | TRUM · first_market_sell 100 wood |
| 26:23 | DS_Le Cuack |Youtube Twitch| · first_market_sell 100 wood |
| 26:24 | DS_Le Cuack |Youtube Twitch| · first_market_buy 100 stone |
| 26:34 | TRUM · age_up castle |
| 26:40 | TRUM · first_building Siege Workshop |
| 27:17 | DS_Le Cuack |Youtube Twitch| · wall_segment Palisade Wall x1 |
| 27:17 | DS_Le Cuack |Youtube Twitch| · wall_segment Palisade Wall x1 |
| 27:18 | DS_Le Cuack |Youtube Twitch| · wall_segment Palisade Wall x1 |
| 27:19 | DS_Le Cuack |Youtube Twitch| · wall_segment Palisade Wall x1 |
| 28:53 | DS_Le Cuack |Youtube Twitch| · resign |
[ AI ANALYSIS · 1 CREDIT ]
What really happened in this match?
Wolo.gg analyzes every decision: build order, eco, micro, common mistakes by bracket. Personalized analysis on WhatsApp or Discord in 30 seconds.
Civ guide
Mongols
Perfil
Jugador #15077189